 Dungeon Sprint DCSS version 0.26-a0-1184-g95e395e029 (webtiles) character file.

Game seed: 17993571771533692302

2346 reriks the Protected (level 9, -21/90 HPs)
             Began as a Gargoyle Berserker on Dec 27, 2020.
             Was a High Priest of Trog.
             Demolished by a kraken (27 damage)
             ... in the Dungeon (Sprint II: "The Violet Keep of Menkaure").
             The game lasted 00:07:58 (3534 turns).

reriks the Protected (Gargoyle Berserker)           Turns: 3534, Time: 00:07:58

Health: -21/90     AC: 23    Str: 29    XL:     9   Next: 43%
Magic:  9/9        EV: 11    Int:  9    God:    Trog [*****.]
Gold:   226        SH:  0    Dex:  9    Spells: 8/8 levels left

rFire    . . .     SeeInvis .   i - +4 dire flail (flame)
rCold    . . .     Faith    .   (shield currently unavailable)
rNeg     + . .     Spirit   .   g - +1 plate armour of Gallantry {*Contam Str+4 Stlth+}
rPois    ∞         Reflect  .   (helmet restricted)
rElec    +         Harm     .   (no cloak)
rCorr    .         Rampage  .   (no gloves)
Will     .....     NoTele   +   (no boots)
Stlth    ..........             (no amulet)
HPRegen  0.25/turn              (no ring)
MPRegen  0.11/turn              (no ring)

@: berserking, very quick
A: horns 1, negative energy resistance 1, electricity resistance, strong 1,
unbreathing, petrification resistance, miasma immunity, AC +6
a: Renounce Religion, Berserk, Trog's Hand, Brothers in Arms


You were in the Dungeon.
You worshipped Trog.
Trog was extremely pleased with you.
You visited 1 branch You collected 926 gold pieces.
You spent 700 gold pieces at shops.

Inventory:

Hand Weapons
 a - a +0 mace
 i - a +4 dire flail of flaming (weapon)
Armour
 b - a +0 animal skin
 g - the +1 plate armour of Gallantry (worn) {*Contam Str+4 Stlth+}
   (You bought it in a shop in the Dungeon)

   It affects your strength (+4).
   It causes magical contamination when unequipped.
   It makes you more stealthy.
 A - a +1 kite shield
Scrolls
 h - a scroll of blinking
 j - a scroll of magic mapping
 l - 3 scrolls of enchant armour
 n - a scroll of identify
 p - a scroll of amnesia
Potions
 c - 2 potions of curing
 d - a potion of heal wounds
 e - 2 potions of haste
 f - 5 potions of magic
 k - 3 potions of degeneration
 o - 3 potions of resistance {unknown}
 q - 2 potions of lignification {unknown}
 r - 5 potions of flight {unknown}
 u - a potion of ambrosia {unknown}
 v - a potion of mutation {unknown}
 w - a potion of invisibility {unknown}
 x - a potion of might {unknown}


   Skills:
 - Level 8.8 Fighting
 + Level 13.0 Maces & Flails
 + Level 13.8 Armour
 - Level 6.4 Dodging


You had 8 spell levels left.
You didn't know any spells.
Your spell library was empty.

Dungeon Overview and Level Annotations

Branches:
Dungeon (1/1)

Altars:
Cheibriados
Dithmenos
Elyvilon
Fedhas
Gozag
Hepliaklqana
Kikubaaqudgha
Makhleb
Nemelex Xobeh
Okawaru
Qazlal
Ru
Sif Muna
Trog
Uskayaw
Vehumet
Wu Jian
Xom
Yredelemnul
Zin
The Shining One
Beogh
Jiyva
Lugonu

Shops:
D !(:[**[}:!=(?!=

Annotations:
D exclusion: oklob plant


Innate Abilities, Weirdness & Mutations

You are resistant to torment.
Your stone body is resilient. (AC +6)
You are immune to poison.
You resist negative energy. (rN+)
You are resistant to electric shocks. (rElec)
You can survive without breathing.
You are immune to petrification.
You are immune to miasma.
You have a pair of small horns on your head.
Your muscles are strong. (Str +2)


Message History

2 tentacles come into view.
You hit the kraken. You burn the kraken.
The kraken is heavily wounded.
The tentacle closely misses you.
The tentacle slaps you but does no damage.
You puncture the kraken! You burn the kraken.
The kraken is severely wounded.
The kraken bites you!!
* * * LOW HITPOINT WARNING * * *
You hit the kraken. You burn the kraken.
The kraken is severely wounded.
The tentacle slaps you.
* * * LOW HITPOINT WARNING * * *
The tentacle slaps you.
* * * LOW HITPOINT WARNING * * *
You sock the kraken! You burn the kraken.
You headbutt the kraken, but do no damage.
The kraken is severely wounded.
The kraken bites you!!
You die...

^*,,#[)▓(§§§§§§§▓▓,⌠,*,*,+≈,,≈+,*
.##.#°)▓.§§§§§..▓▓,,,*,*,+≈,,≈+,*
...####▓.§§).§).▓▓,,,*,*,+≈,,≈+,*
#..##.#▓.[.)§.(.▓▓,,,*^*,+≈,,≈+,*
+..#..#▓(.......▓▓,,,*,*,+≈,,≈+,*
#.^#..#▓(.(.....▓▓,⌠,*,*,*≈,,≈*,*
#..##.#▓...[.)..▓▓,,,*,*,*≈,,≈*,*
##.^.##▓▓▓▓▓▓▓'▓▓▓▓+▓*,***≈,,≈***
.≈≈≈≈≈≈≈≈≈≈≈≈≈..@Xw≈▓,,,,,,,,**
.≈#'########+###www≈▓,,,,,,,**
.≈#._._._..#S≈≈##≈≈≈▓,,,,,,**
.≈#.._._._.#§§≈≈####▓****≈**
≈≈#._._._._#§§§≈≈#*,,*,,*≈*
≈≈#_._._._.#§≈§§§≈*,,*,,*≈*
≈≈#._._._..#≈§§§§§+,,+,,*≈*
≈≈#_._._...#§≈§§§S*,,*,,*≈*
≈§#._._..,,*≈≈≈≈≈≈*,,*,,*≈*


You could see a kraken and 4 tentacles.

Vanquished Creatures
  A yaktaur (D)
  A hornet (D)
  3 polar bears (D)
  A neqoxec (D)
  2 wyverns (D)
  A vampire mosquito (D)
  Menkaure (D)
  4 necrophages (D)
  9 electric eels (D)
  3 worms (D)
  6 tentacles (D)
32 creatures vanquished.

Vanquished Creatures (others)
  A water moccasin (D)
  21 tentacles (D)
22 creatures vanquished.

Grand Total: 54 creatures vanquished

Notes
Turn   | Place    | Note
-------+----------+-------------------------------------------
     0 | D        | reriks the Gargoyle Berserker began the quest for the Orb.
     0 | D        | Reached XP level 1. HP: 14/14 MP: 1/1
     1 | D        | Noticed a neqoxec
     5 | D        | Gained mutation: Your muscles are strong. (Str +2) [a
                  | neqoxec]
     8 | D        | Noticed an iron imp
    10 | D        | Gained mutation: You have a pair of small horns on your
                  | head. [a neqoxec]
    12 | D        | Killed a neqoxec
    13 | D        | Reached skill level 5 in Maces & Flails
    13 | D        | Reached skill level 5 in Armour
    13 | D        | Reached XP level 2. HP: 13/22 MP: 2/2
    13 | D        | Reached XP level 3. HP: 16/27 MP: 3/3
    13 | D        | Reached XP level 4. HP: 19/32 MP: 4/4
    13 | D        | Reached XP level 5. HP: 22/36 MP: 5/5
   178 | D        | Noticed a wyvern
   178 | D        | Noticed a wyvern
   183 | D        | Killed a wyvern
   184 | D        | Reached skill level 5 in Dodging
   184 | D        | Reached XP level 6. HP: 18/44 MP: 6/6
   185 | D        | Killed a wyvern
   185 | D        | Reached ** piety under Trog
   221 | D        | Killed a water moccasin
   392 | D        | Noticed a necrophage
   392 | D        | Noticed a necrophage
   392 | D        | Noticed a necrophage
   392 | D        | Noticed a necrophage
   400 | D        | Killed a necrophage
   401 | D        | Reached XP level 7. HP: 50/50 MP: 7/7
   411 | D        | Reached *** piety under Trog
   412 | D        | Reached skill level 10 in Armour
   582 | D        | Found Mylaf's Magic Scroll Shoppe.
   582 | D        | Found Fiz Ujaff's Distillery.
   582 | D        | Found Alymmuk's Jewellery Emporium.
   582 | D        | Found Lucwesch's Antique Weapon Emporium.
   582 | D        | Found Olent's Book Shoppe.
   582 | D        | Found Kejuabis's Distillery.
   583 | D        | Found Faag's Gadget Shoppe.
   583 | D        | Found Ammem's Antique Armour Emporium.
   589 | D        | Found Paiczeg's General Store.
   589 | D        | Found Arydal's Assorted Antiques.
   590 | D        | Found Jisourav's Jewellery Emporium.
   590 | D        | Noticed a hell hog
   591 | D        | Found Gaubyinn's Antique Armour Emporium.
   591 | D        | Noticed Menkaure
   591 | D        | Noticed a hell hog
   591 | D        | Noticed an oklob plant
   607 | D        | Killed Menkaure
   607 | D        | Reached **** piety under Trog
   608 | D        | Reached skill level 10 in Maces & Flails
   608 | D        | Reached XP level 8. HP: 48/56 MP: 8/8
   735 | D        | Noticed a wyvern
   736 | D        | Noticed a wyvern
   737 | D        | Found Olisiu's Antique Weapon Shoppe.
   737 | D        | Found Daur Gorph's Distillery.
   737 | D        | Found Biewkeen's Book Shoppe.
   737 | D        | Noticed a wyvern
   747 | D        | Noticed a polar bear
   748 | D        | Bought a twisted plate armour for 700 gold pieces
   748 | D        | Noticed a polar bear
   758 | D        | Identified the +1 plate armour of Gallantry {*Contam Str+4
                  | Stlth+} (You bought it in a shop in the Dungeon)
   759 | D        | Noticed a flying skull
   759 | D        | Noticed a flying skull
   760 | D        | Noticed a flying skull
   761 | D        | Noticed a flying skull
   762 | D        | Noticed a flying skull
  1085 | D        | Reached ***** piety under Trog
  1466 | D        | Found a glowing silver altar of Zin.
  1467 | D        | Found a glowing golden altar of the Shining One.
  1467 | D        | Found a basalt altar of Yredelemnul.
  1467 | D        | Found a hide-covered altar of Uskayaw.
  1468 | D        | Found a shimmering altar of Xom.
  1468 | D        | Found a bloodstained altar of Trog.
  1468 | D        | Found a radiant altar of Vehumet.
  1468 | D        | Found a burning altar of Makhleb.
  1469 | D        | Found an ornate altar of the Wu Jian Council.
  1469 | D        | Found a shimmering blue altar of Sif Muna.
  1469 | D        | Found a corrupted altar of Lugonu.
  1488 | D        | Found a sacrificial altar of Ru.
  1488 | D        | Found an ancient bone altar of Kikubaaqudgha.
  1488 | D        | Found a white marble altar of Elyvilon.
  1489 | D        | Noticed a polar bear
  1490 | D        | Noticed a polar bear
  1491 | D        | Noticed a hornet
  2273 | D        | Killed a polar bear
  2494 | D        | Noticed a yaktaur
  2515 | D        | Killed a yaktaur
  2515 | D        | Received a gift from Trog
  2516 | D        | Reached XP level 9. HP: 57/60 MP: 9/9
  2627 | D        | Found a sparkling altar of Nemelex Xobeh.
  2629 | D        | Found a blossoming altar of Fedhas.
  2630 | D        | Noticed a polar bear
  2651 | D        | Killed a polar bear
  2739 | D        | Killed a polar bear
  2794 | D        | Found a stormy altar of Qazlal.
  2794 | D        | Found a viscous altar of Jiyva.
  2794 | D        | Found a shadowy altar of Dithmenos.
  2794 | D        | Found an iron altar of Okawaru.
  2794 | D        | Found an opulent altar of Gozag.
  2807 | D        | Killed a hornet
  3030 | D        | Found a hazy altar of Hepliaklqana.
  3030 | D        | Found a snail-covered altar of Cheibriados.
  3031 | D        | Found a roughly hewn altar of Beogh.
  3041 | D        | Noticed a kraken
  3429 | D        | Found the +4 robe of Augmentation {Str+4 Int+4 Dex+4}
  3534 | D        | Demolished by a kraken

Illustrated notes

Levels and vault maps discovered:
D:        the_violet_keep_of_menkaure [sprint2_stairs_cluster_1,
          sprint2_shoproom, sprint2_temple, sprint2_basic_supplies,
          sprint2_obstacle_7, sprint2_obstacle_2, sprint2_obstacle_4,
          sprint2_obstacle_1, sprint2_obstacle_5, sprint2_timed_cluster_1,
          sprint2_smallroom_cluster_1, sprint2_smallroom_final_cluster_1,
          sprint2_transparent_cluster_1, sprint2_second_timed_cluster_1,
          sprint2_sniper_area_1, sprint2_heavy_combat_area_1,
          sprint2_mutation_trap_area_1, sprint2_forest_area_1,
          sprint2_light_combat_area_1, sprint2_behind_water_1,
          sprint2_near_end_vault_1]

Skill      XL: |  1  2  3  4  5  6  7  8  9 |
---------------+----------------------------+-----
Fighting       | 6 7 8 |  8.8
Maces & Flails | 5 6 8 10 12 13 | 13.0
Armour         | 5 7 8 10 12 13 | 13.8
Dodging        | 4 5 6 |  6.4

Action                   |  1- 3 |  4- 6 |  7- 9 || total
-------------------------+-------+-------+-------++-------
Melee: Mace              |     9 |    13 |    67 ||    89
       Headbutt          |       |     3 |    19 ||    22
       Dire flail        |       |       |    41 ||    41
Invok: Berserk           |       |     2 |     9 ||    11
  Use: Potion            |     1 |       |       ||     1
       Scroll            |       |       |     8 ||     8
Armor: Animal skin       |     2 |       |     6 ||     8
       Plate armour      |       |       |    67 ||    67
Dodge: Dodged            |    11 |     5 |    54 ||    70

Table legend: (Time is in decaauts)
 A = Elapsed time spent in this place.
 B = Non-inter-level travel time spent in this place.
 C = Inter-level travel time spent in this place.
 D = Time resting spent in this place.
 E = Time spent auto-exploring this place.
 F = Levels seen in this place.
 G = Mean time per level.
                   A        B        C        D        E       F      G
               +--------+--------+--------+--------+--------+-----+--------+
         Total |   3650 |   3650 |      0 |   2996 |     78 |   1 | 3650.0 |
       Dungeon |   3650 |   3650 |      0 |   2996 |     78 |   1 | 3650.0 |
               +--------+--------+--------+--------+--------+-----+--------+

Top non-repeatable levels by time:
       D: 3650 daAuts
